 Dungeon Crawl Stone Soup version 0.22-a0-533-g4d20840 (webtiles) character file.

33 iamserjio the Insei (level 3, 0/19 HPs)
             Began as a Vine Stalker Skald on June 22, 2018.
             Killed from afar by an orc wizard (8 damage)
             ... with a magic dart
             ... on level 4 of the Dungeon.
             The game lasted 00:02:49 (302 turns).

iamserjio the Insei (Vine Stalker Skald)             Turns: 302, Time: 00:02:49

Health: 0/19       AC:  3    Str: 13    XL:     3   Next: 29%
Magic:  0/7        EV: 11    Int: 14    God:
Gold:   8          SH:  0    Dex: 13    Spells: 0/6 levels left

rFire    . . .     SeeInvis .     - Unarmed
rCold    . . .     Gourm    .   (no shield)
rNeg     . . .     Faith    .   a - +0 leather armour
rPois    .         Spirit   +   (no helmet)
rElec    .         Reflect  .   (no cloak)
rCorr    .         Harm     .   (no gloves)
MR       .....                  (no boots)
Stlth    +.........             (no amulet)
HPRegen  0.06/turn              (no ring)
MPRegen  0.10/turn              (no ring)

@: very slightly contaminated
A: fangs 2, magic shield, antimagic bite, no potion heal 3, rot immunity
a: no special abilities


You were on level 4 of the Dungeon.
You were not hungry.

You visited 1 branch of the dungeon, and saw 4 of its levels.

You collected 8 gold pieces.

Inventory:

Armour
 a - a +0 leather armour (worn)
Scrolls
 b - a scroll of teleportation {unknown}
Comestibles
 c - a ration


   Skills:
 + Level 2.3 Fighting
 - Level 0.7 Armour
 - Level 1.5 Dodging
 * Level 3.1 Unarmed Combat
 - Level 2.1 Spellcasting
 - Level 3.0 Charms


You couldn't memorise any spells.
You knew the following spells:

 Your Spells              Type           Power        Failure   Level  Hunger
a - Infusion              Chrm           #...         9%          1    #......
b - Regeneration          Chrm/Necr      #.........   43%         3    ###....
c - Song of Slaying       Chrm           #.......     13%         2    ###....

Your spell library contained the following spells:

 Spells                   Type           Power        Failure   Level  Hunger
 Summon Small Mammal      Summ           #...         30%         1    #......
 Summon Ice Beast         Ice/Summ       #.......     96%         4    #####..
 Call Imp                 Summ           #.......     41%         2    ###....
 Call Canine Familiar     Summ           #.......     65%         3    ###....
 Shroud of Golubria       Chrm/Tloc      #.........   24%         2    ###....
 Spectral Weapon          Hex/Chrm       #.......     43%         3    ###....
 Summon Lightning Spire   Summ/Air       #.......     96%         4    #####..
 Summon Guardian Golem    Hex/Summ       #.......     65%         3    ###....


Dungeon Overview and Level Annotations

Branches:
Dungeon (4/15)
 Temple: D:4-7

Altars:


Innate Abilities, Weirdness & Mutations

You have extremely sharp teeth.
When hurt, damage is shared between your health and your magic reserves.
Your bite disrupts and absorbs the magic of your enemies.
Potions cannot restore your health.
You are immune to rotting.


Message History

You feel sick.
You see here a flail.
You are no longer magically infusing your attacks.
You feel sick.
You feel sick.
You feel sick.
Found a ring mail.
An orc comes into view. It is wielding a flail.
An orc wizard comes into view. It is wielding a dagger.
Found 3 scrolls labeled LABORGH ANAMONAIZ.
You feel sick.
You are no longer poisoned.
The orc wizard gestures wildly while chanting.
The orc wizard blinks!
You hit the orc wizard.
You bite the orc wizard, but do no damage.
The orc wizard is lightly wounded.
The orc wizard gestures at you while chanting.
The magic dart hits you!
You die...

#.......##########.
....?
#######)...........
..... ............####
......
##########.....#
......
.....####.######......
####. #.....#.....#.
#. #####.........
#....#####......... ##
#....@oo.[......
#######.........
#...ยง..... #.........
##........ ##.....#.
######


You could see an orc wizard and an orc.

Vanquished Creatures
  2 adders
  A giant cockroach (D:1)
  4 jackals (D:3)
  3 bats
  A frilled lizard (D:1)
  3 kobolds
  3 rats
17 creatures vanquished.

Notes
Turn   | Place    | Note
-------+----------+-------------------------------------------
     0 | D:1      | iamserjio the Vine Stalker Skald began the quest for the Orb.
     0 | D:1      | Reached XP level 1. HP: 11/11 MP: 4/4
    83 | D:1      | Reached XP level 2. HP: 12/15 MP: 6/6
   218 | D:3      | Reached XP level 3. HP: 7/18 MP: 7/7
   225 | D:3      | Learned a level 3 spell: Regeneration
   229 | D:3      | Learned a level 2 spell: Song of Slaying
   302 | D:4      | Killed from afar by an orc wizard

Vault maps used:
D:1:      matt_arrival_refuge, hangedman_decor_riveting, lemuel_another_geyser
D:2:      nicolae_tso_carved_into_rock, nicolae_qazlal_style_of_elements
D:4:      xom_butterflies, minmay_temple_entry_trees

Skill      XL: |  1  2 |
---------------+-------+-----
Fighting       | 2 |  2.3
Unarmed Combat | 3 |  3.1
Armour         | |  0.7
Dodging        | |  1.5
Spellcasting   | |  2.1
Charms         | |  3.0

Action                   || total
-------------------------++-------
Melee: Unarmed           ||    62
       Bite              ||    17
 Cast: Infusion          ||     3
       Regeneration      ||     2
 Stab: Sleeping          ||     1
Armor: Leather armour    ||    24
Dodge: Dodged            ||    39

Table legend:
 A = Spawn XP
 B = Non-spawn XP
 C = Spawn XP percentage of total XP
 D = Spawn monster count
 E = Non-spawn monster count
 F = Spawn count percentage of total count
 G = Total turns spent on level
                    A         B        C        D         E        F      G
               +---------+---------+-------+---------+---------+-------+---------
         Total |       0 |      48 |   0.0 |       0 |      17 |   0.0 |   302
               +---------+---------+-------+---------+---------+-------+---------
           D:1 |       0 |      10 |   0.0 |       0 |       8 |   0.0 |    86
           D:2 |       0 |       3 |   0.0 |       0 |       2 |   0.0 |    64
           D:3 |       0 |      22 |   0.0 |       0 |       6 |   0.0 |   104
           D:4 |       0 |      13 |   0.0 |       0 |       1 |   0.0 |    48
               +---------+---------+-------+---------+---------+-------+---------
